 Dungeon Crawl Stone Soup version 0.29.1-15-g9cfb28693d (webtiles) character file.

Game seed: 7021433209681039391

446 dudediamond6 the Vexing (level 7, -5/52 HPs)
             Began as a Gnoll Arcane Marksman on Feb 25, 2023.
             Slain by a wyvern (12 damage)
             ... on level 4 of the Dungeon.
             The game lasted 00:08:11 (2669 turns).

dudediamond6 the Vexing (Gnoll Arcane Marksman)     Turns: 2669, Time: 00:08:12

Health: -5/52      AC:  9    Str:  9    XL:     7   Next: 3%
Magic:  18/21      EV: 13    Int: 13    God:
Gold:   116        SH:  0    Dex: 14    Spells: 6/13 levels left

rFire   . . .      SeeInvis .   w - +2 war axe (flame)
rCold   . . .      Faith    .   (no shield)
rNeg    . . .      Spirit   .   A - +3 leather armour {rPois}
rPois   +          Reflect  .   n - +0 helmet
rElec   .          Harm     .   d - +0 cloak
rCorr   .          Rampage  .   (no gloves)
Will    .....                   i - +0 pair of boots
Stlth   ++........              h - amulet of regeneration
HPRegen 0.97/turn               q - ring of magical power
MPRegen 0.17/turn               (no ring)

@: no status effects
A: fangs 1, strong nose, distributed training
a: no special abilities


You were on level 4 of the Dungeon.
You visited 1 branch of the dungeon, and saw 4 of its levels.

You collected 116 gold pieces.

Inventory:

Hand Weapons
 a - a +1 sling
 w - a +2 war axe of flaming (weapon)
Armour
 d - a +0 cloak (worn)
 i - a +0 pair of boots (worn)
 n - a +0 helmet (worn)
 y - a +2 chain mail of cold resistance
 A - a +3 leather armour of poison resistance (worn)
Jewellery
 h - an amulet of regeneration (around neck)
 q - a ring of magical power (left hand)
Wands
 v - a wand of polymorph (4)
Scrolls
 b - a scroll of poison
 e - 2 scrolls of enchant weapon {unknown}
 f - a scroll of magic mapping {unknown}
 g - a scroll of blinking {unknown}
 k - a scroll of enchant armour {unknown}
 l - a scroll of butterflies {unknown}
 m - a scroll of immolation {unknown}
 p - 2 scrolls of summoning {unknown}
 r - a scroll of fear {unknown}
 s - a scroll of teleportation {unknown}
 t - a scroll of identify {unknown}
Potions
 j - a potion of curing {unknown}
 o - a potion of brilliance {unknown}
 u - a potion of might {unknown}
 x - a potion of attraction {unknown}
 z - a potion of ambrosia {unknown}


   Skills:
 + Level 3.5 Fighting
 + Level 2.3 Short Blades
 + Level 2.3 Long Blades
 + Level 2.3 Axes
 + Level 2.3 Maces & Flails
 + Level 2.3 Polearms
 + Level 2.3 Staves
 + Level 5.1 Ranged Weapons
 + Level 2.3 Throwing
 + Level 2.3 Armour
 + Level 5.1 Dodging
 + Level 2.3 Stealth
 + Level 2.3 Shields
 + Level 2.3 Unarmed Combat
 + Level 3.6 Spellcasting
 + Level 1.8 Conjurations
 + Level 5.8 Hexes
 + Level 1.8 Summonings
 + Level 1.8 Necromancy
 + Level 1.8 Translocations
 + Level 1.8 Transmutations
 + Level 1.8 Fire Magic
 + Level 1.8 Ice Magic
 + Level 1.8 Air Magic
 + Level 1.8 Earth Magic
 + Level 1.8 Poison Magic
 + Level 2.5 Invocations
 + Level 2.3 Evocations


You had 6 spell levels left.
You knew the following spells:

 Your Spells              Type           Power      Damage    Failure   Level
a - Slow                  Hex            68%        N/A       2%          1
b - Inner Flame           Hex/Fire       12%        N/A       19%         3
c - Portal Projectile     Hex/Tloc       24%        N/A       19%         3

Your spell library contained the following spells:

 Spells                   Type           Power      Damage    Failure   Level
 Sublimation of Blood     Necr           7%         N/A       21%         2
 Wereblood                Tmut           7%         N/A       21%         2
 Cause Fear               Hex            8%         N/A       26%         4
 Stone Arrow              Conj/Erth      14%        3d7       38%         3
 Animate Armour           Summ/Erth      14%        N/A       80%         4
 Summon Hydra             Summ           3%         N/A       100%        7
 Lehudib's Crystal Spear  Conj/Erth      3%         10d3      100%        8


Dungeon Overview and Level Annotations

Branches:
Dungeon (4/15)
 Temple: D:4-7

Altars:


Innate Abilities, Weirdness & Mutations

You have very sharp teeth.
Your uncanny sense of smell can sniff out nearby items.
Your experience applies equally to all skills.


Message History

A gnoll comes into view. It is wielding a +0 spear.
The wyvern closely misses you.
Aiming: Polymorph
Press: ? - help, Shift-Dir - straight line, f - wyvern, p - ogre
Aim: a wyvern (moderately wounded, slow, will become a golden eye, a rime drake, or a tengu, chance to affect: 55%)
The wyvern resists with significant effort.
The gnoll bouda barks out a call to the hunt!
The gnoll picks up the pace!
The ogre barely misses you. The wyvern closely misses you.
You are too injured to fight recklessly!
You barely miss the wyvern. You bite the wyvern, but do no damage.
The wyvern is moderately wounded.
You barely miss the ogre.
The wyvern is no longer moving slowly.
A gnoll comes into view. It is wielding a +0 hand axe.
The wyvern closely misses you. The ogre completely misses you.
The wyvern attacks as you move away! The wyvern misses you.
The wyvern attacks as you move away! The wyvern bites you.
* * * LOW HITPOINT WARNING * * *
The wyvern barely misses you.
The orc priest looks encouraged for a moment.
The gnoll shouts!
A ball python comes into view.
The wyvern hisses menacingly.
The wyvern barely misses you.
The gnoll bouda gazes fiercely through you!
You feel your attacks grow feeble. The gnoll barely misses you.
The ball python hisses angrily.
The wyvern misses you.
A gnoll comes into view. It is wielding a +0 whip.
The orc priest miscasts a cantrip.
Your attacks no longer feel as feeble.
The wyvern closely misses you. The ball python barely misses you.
The ball python grabs you. The ball python constricts you.
You escape the ball python's grasp.
The wyvern bites you but does no damage.
The wyvern attacks as you move away! The wyvern bites you!
* * * LOW HITPOINT WARNING * * *
The wyvern bites you!
You die...

##....# §§ .....#
∆≈§≈§. ....# ∆
§§§..#...#
#.#.##...##
.........##
..........####
#.##..@.....#
#######.###l.####.#
........g.S.##
######g##### #.#
##g## #...# #.#
#.g.# #.#
####..g#### #.#


You could see a wyvern and a ball python.

Vanquished Creatures
  Grinder (D:3)
  Terence (D:3)
  Jessica (D:3)
  Ijyb (D:3)
  7 adders
  3 gnolls (D:3)
  3 worms (D:2)
  2 dart slugs
  An orc (D:4)
  11 bats
  5 endoplasms
  2 giant cockroaches
  5 goblins
  5 hobgoblins
  6 jackals (D:1)
  5 quokkas
  4 ball pythons
  A frilled lizard (D:1)
  7 kobolds
  8 rats
79 creatures vanquished.

Notes
Turn   | Place    | Note
-------+----------+-------------------------------------------
     0 | D:1      | dudediamond6 the Gnoll Arcane Marksman began the quest for
                  | the Orb.
     0 | D:1      | Reached XP level 1. HP: 17/17 MP: 4/4
     1 | D:1      | Noticed an electric eel
    74 | D:1      | Reached XP level 2. HP: 23/23 MP: 5/5
   365 | D:1      | Reached XP level 3. HP: 28/28 MP: 7/7
   455 | D:1      | Reached skill level 1 in Invocations
   848 | D:2      | Reached skill level 1 in Short Blades
   848 | D:2      | Reached skill level 1 in Long Blades
   848 | D:2      | Reached skill level 1 in Axes
   848 | D:2      | Reached skill level 1 in Maces & Flails
   848 | D:2      | Reached skill level 1 in Polearms
   848 | D:2      | Reached skill level 1 in Staves
   848 | D:2      | Reached skill level 1 in Throwing
   848 | D:2      | Reached skill level 1 in Armour
   848 | D:2      | Reached skill level 1 in Stealth
   848 | D:2      | Reached skill level 1 in Shields
   848 | D:2      | Reached skill level 1 in Unarmed Combat
   848 | D:2      | Reached skill level 1 in Evocations
   875 | D:2      | Reached XP level 4. HP: 31/34 MP: 8/8
  1109 | D:2      | Reached skill level 1 in Conjurations
  1109 | D:2      | Reached skill level 1 in Summonings
  1109 | D:2      | Reached skill level 1 in Necromancy
  1109 | D:2      | Reached skill level 1 in Translocations
  1109 | D:2      | Reached skill level 1 in Transmutations
  1109 | D:2      | Reached skill level 1 in Fire Magic
  1109 | D:2      | Reached skill level 1 in Ice Magic
  1109 | D:2      | Reached skill level 1 in Air Magic
  1109 | D:2      | Reached skill level 1 in Earth Magic
  1109 | D:2      | Reached skill level 1 in Poison Magic
  1380 | D:2      | Learned a level 3 spell: Inner Flame
  1384 | D:2      | Learned a level 3 spell: Portal Projectile
  1599 | D:2      | Reached XP level 5. HP: 39/40 MP: 9/9
  1942 | D:3      | Noticed Grinder
  1951 | D:3      | Paralysed by Grinder for 4 turns
  1966 | D:3      | Killed Grinder
  1967 | D:3      | Reached skill level 5 in Ranged Weapons
  1967 | D:3      | Reached skill level 5 in Dodging
  1967 | D:3      | Reached XP level 6. HP: 47/47 MP: 11/11
  2193 | D:3      | Noticed Jessica
  2211 | D:3      | Killed Jessica
  2300 | D:3      | Noticed Ijyb
  2343 | D:3      | Noticed Terence
  2397 | D:3      | Killed Ijyb
  2424 | D:3      | Killed Terence
  2425 | D:3      | Reached XP level 7. HP: 52/52 MP: 12/12
  2625 | D:4      | Noticed a wyvern
  2669 | D:4      | Slain by a wyvern

Illustrated notes

Levels and vault maps discovered:
D:1:      arrival_aquarium_a, layout_basic
D:2:      layout_basic, corexii_corridor_pit
D:3:      layout_basic, uniq_jessica, uniq_ijyb, uniq_grinder, uniq_terence
D:4:      layout_loops_ring, marbit_many_paths, mainiacjoe_overflow_brackets,
          mainiacjoe_overflow_boulevard, uniq_edmund

Skill      XL: |  1  2  3  4  5 |
---------------+----------------+-----
Invocations    | 1 2 |  2.5
Short Blades   | 1 2 |  2.3
Long Blades    | 1 2 |  2.3
Axes           | 1 2 |  2.3
Maces & Flails | 1 2 |  2.3
Polearms       | 1 2 |  2.3
Staves         | 1 2 |  2.3
Throwing       | 1 2 |  2.3
Armour         | 1 2 |  2.3
Stealth        | 1 2 |  2.3
Shields        | 1 2 |  2.3
Unarmed Combat | 1 2 |  2.3
Evocations     | 1 2 |  2.3
Spellcasting   | 3 |  3.6
Conjurations   | 1 |  1.8
Summonings     | 1 |  1.8
Necromancy     | 1 |  1.8
Translocations | 1 |  1.8
Transmutations | 1 |  1.8
Fire Magic     | 1 |  1.8
Ice Magic      | 1 |  1.8
Air Magic      | 1 |  1.8
Earth Magic    | 1 |  1.8
Poison Magic   | 1 |  1.8
Fighting       | 3 |  3.5
Ranged Weapons | 5 |  5.1
Dodging        | 5 |  5.1
Hexes          | |  5.8

Action                   |  1- 3 |  4- 6 |  7- 9 || total
-------------------------+-------+-------+-------++-------
Melee: Unarmed           |       |    10 |       ||    10
       War axe           |       |       |     3 ||     3
       Bite              |       |       |     1 ||     1
 Fire: Sling             |   138 |   221 |     8 ||   367
 Cast: Slow              |     5 |    35 |     4 ||    44
       Portal Projectile |       |     3 |     1 ||     4
Evoke: Wand              |       |     1 |     1 ||     2
Armor: Robe              |    27 |    27 |       ||    54
       Skin              |       |     2 |       ||     2
       Leather armour    |       |       |     7 ||     7
Dodge: Dodged            |    53 |    86 |    25 ||   164
